 Dungeon Crawl Stone Soup version 0.27-a0-1590-g15f69828bf (webtiles) character file.

Game seed: 2408072039082101084

2710 robertstho the Thaumaturge (level 9, -24/63 HPs)
             Began as a Djinni Fire Elementalist on July 18, 2021.
             Was an Initiate of Gozag.
             Annihilated by Harold (26 damage)
             ... on level 7 of the Dungeon.
             The game lasted 00:10:11 (10000 turns).

robertstho the Thaumaturge (DjFE)                  Turns: 10000, Time: 00:10:12

Health: -24/63     AC:  6    Str:  7    XL:     9   Next: 98%
Gold:   472        EV:  6    Int: 21    God:    Gozag SH:  0 Dex: 13

rFire    + + .     SeeInvis .   h - +2 short sword (elec)
rCold    x . .     Faith    .   t - +2 buckler
rNeg     . . .     Spirit   .   a - +0 robe
rPois    ∞         Reflect  .   m - +1 helmet
rElec    .         Harm     .   v - +0 cloak
rCorr    +         Rampage  .   b - +0 pair of gloves
Will     .....                  (boots unavailable)
Stlth    ++........             (no amulet)
HPRegen  0.20/turn              n - ring of resist corrosion
MPRegen  0.00/turn              (no ring)

@: flying, very slightly contaminated, held
A: sickness immunity, fire resistance 2, cold vulnerability 1, float, innate
caster, hp casting, extra vitality 1
a: Renounce Religion, Potion Petition, Call Merchant, Bribe Branch


You were on level 7 of the Dungeon.
You worshipped Gozag.
Gozag was aware of your devotion.
You visited 1 branch of the dungeon, and saw 7 of its levels.

You collected 579 gold pieces.
You paid 107 gold pieces to Gozag.

Inventory:

Hand Weapons
 h - a +2 short sword of electrocution (weapon)
Armour
 a - a +0 robe (worn)
 b - a +0 pair of gloves (worn)
 m - a +1 helmet (worn)
 t - a +2 buckler (worn)
 v - a +0 cloak (worn)
Jewellery
 n - a ring of resist corrosion (left hand)
Wands
 p - a wand of acid (8)
 s - a wand of polymorph (7)
Scrolls
 d - a scroll of enchant weapon
 e - 2 scrolls of teleportation
 g - a scroll of enchant armour
 i - a scroll of fog
 l - a scroll of identify
 o - 2 scrolls of summoning
 w - 2 scrolls of immolation
Potions
 c - 2 potions of brilliance {unknown}
 f - 2 potions of haste {unknown}
 j - 4 potions of curing {unknown}
 k - a potion of degeneration {unknown}
 q - a potion of cancellation {unknown}
 r - a potion of resistance
 u - a potion of might {unknown}
 x - 2 potions of attraction {unknown}


   Skills:
 * Level 4.4 Fighting
 + Level 1.0 Short Blades
 + Level 3.5 Dodging
 + Level 3.1 Stealth
 + Level 0.6 Shields
 * Level 9.0 Spellcasting


You had 2 spell levels left.
You knew the following spells:

 Your Spells              Type           Power      Damage    Failure   Level
a - Foxfire               Conj/Fire      100%       2x1d9     1%          1
b - Conjure Flame         Conj/Fire      47%        6-21      1%          3
c - Inner Flame           Hex/Fire       47%        N/A       1%          3
d - Sticky Flame          Conj/Fire      47%        2d6       2%          4
e - Fireball              Conj/Fire      23%        3d11      7%          5
f - Beastly Appendage     Tmut           94%        N/A       1%          1
g - Slow                  Hex            47%        N/A       1%          2
h - Static Discharge      Conj/Air       47%        N/A       1%          2
i - Ozocubu's Armour      Ice            47%        N/A       1%          3
Your spell library was empty.

Dungeon Overview and Level Annotations

Branches:
Dungeon (7/15)             Temple (0/1) D:7

Altars:
Ashenzari
Gozag
Qazlal
Uskayaw

Annotations:
D:3 2 runed translucent doors, BrainTurd's ghost, weakling PaFi
D:4 2 transporters
D:7 Harold


Innate Abilities, Weirdness & Mutations

You are immune to sickness and miasma.
You are immune to poison.
Your flesh is very heat resistant. (rF++)
You are vulnerable to cold. (rC-)
You float through the air rather than walking.
You learn spells naturally, not from books.
Your magical power is your life essence.
You have superior vitality. (+4 HP)


Message History

Confirm with . or Enter, or press ? or * to list all spells.
Aiming: Fireball (dangerous; 7% risk of failure)
Press: ? - help, Shift-Dir - straight line, f/p - Harold
Aim: Harold, wielding a +0 battleaxe, wearing a +0 ring mail and quivering 2 throwing nets (moderately wounded)
The fireball explodes!
The fireball engulfs Harold!
Harold is heavily wounded.
Harold throws a throwing net.
The throwing net hits you.
You become entangled in the net!
Casting: Fireball (dangerous; 7% risk of failure)
Confirm with . or Enter, or press ? or * to list all spells.
Aiming: Fireball (dangerous; 7% risk of failure)
Press: ? - help, Shift-Dir - straight line, f/p - Harold
Aim: Harold, wielding a +0 battleaxe, wearing a +0 ring mail and quivering a throwing net (heavily wounded)
The fireball explodes!
The fireball engulfs Harold!
Harold is severely wounded.
Unknown command.
Casting: Fireball (dangerous; 7% risk of failure)
Confirm with . or Enter, or press ? or * to list all spells.
Aiming: Fireball (dangerous; 7% risk of failure)
Press: ? - help, Shift-Dir - straight line, f/p - Harold
Aim: Harold, wielding a +0 battleaxe, wearing a +0 ring mail and quivering a throwing net (severely wounded)
You miscast Fireball.
You are very lightly contaminated with residual magic.
Nothing appears to happen.
Casting: Fireball (dangerous; 7% risk of failure)
Confirm with . or Enter, or press ? or * to list all spells.
Aiming: Sticky Flame (dangerous; 2% risk of failure)
Press: ? - help, Shift-Dir - straight line, f/p - Harold
Aim: Harold, wielding a +0 battleaxe, wearing a +0 ring mail and quivering a throwing net (severely wounded, 100% to hit)
The sticky flame hits Harold.
Harold is severely wounded.
Harold is covered in liquid flames!
Harold burns!
Harold hits you with a +0 battleaxe!
You struggle against the net.
Harold burns!
Harold hits you with a +0 battleaxe!!
* * * LOW HITPOINT WARNING * * *
You tear a large gash into the net.
Harold burns!
Harold hits you with a +0 battleaxe!!
You die...
Your body crumbles into a pile of gold.

...#.# .###.#
.###.# .....#
.....# .....#
.....#
.###.#############
.# #............@#
.###.###########@.#
....## ##.# ###.#
.# #.# .# #.# .#
#.######8# .#
#......... .#
#.........


You could see Harold (burning).

Vanquished Creatures
  Pikel (D:5)
  Grinder (D:6)
  A water moccasin (D:5)
  An ice beast (D:6)
  An ogre (D:6)
  A black bear (D:6)
  2 necrophages
  A centaur (D:7)
  A phantom (D:7)
  4 lemures (D:5)
  3 bullfrogs
  A gnoll sergeant (D:5)
  4 scorpions
  A wyvern skeleton (D:7)
  A howler monkey (D:6)
  A centaur zombie (D:7)
  A bullfrog zombie (D:5)
  A centaur skeleton (D:7)
  A jelly (D:7)
  An orc priest (D:6)
  4 hounds
  Crazy Yiuf (D:6)
  2 iguanas
  2 orc wizards
  A hound zombie (D:5)
  A hound skeleton (D:5)
  A howler monkey zombie (D:6)
  13 gnolls
  9 adders
  A white imp (D:5)
  3 ufetubi
  3 worms
  4 dart slugs
  11 orcs
  5 bats
  5 endoplasms
  A giant cockroach (D:1)
  7 goblins
  5 hobgoblins
  4 jackals
  4 quokkas
  8 ball pythons
  2 frilled lizards
  10 kobolds
  3 rats
139 creatures vanquished.

Vanquished Creatures (others)
  744 foxfires
744 creatures vanquished.

Grand Total: 883 creatures vanquished

Notes
Turn   | Place    | Note
-------+----------+-------------------------------------------
     0 | D:1      | robertstho the Djinni Fire Elementalist began the quest for
                  | the Orb.
     0 | D:1      | Reached XP level 1. HP: 15/15 MP: 0/0
   265 | D:1      | Reached XP level 2. HP: 4/21 MP: 0/0
   967 | D:1      | Reached skill level 3 in Spellcasting
  1190 | D:1      | Reached XP level 3. HP: 24/25 MP: 0/0
  1190 | D:1      | Learned a level 1 spell: Beastly Appendage
  2177 | D:2      | Found a faded altar of an unknown god.
  2694 | D:2      | Reached XP level 4. HP: 30/31 MP: 0/0
  3121 | D:2      | You are sucked into a shaft and drop 2 floors!
  3147 | D:4      | Found a transporter.
  3214 | D:4      | Reached XP level 5. HP: 32/36 MP: 0/0
  3214 | D:4      | Learned a level 2 spell: Slow
  3668 | D:3      | Found a stormy altar of Qazlal.
  3668 | D:3      | Noticed a fire elemental
  3669 | D:3      | Noticed an air elemental
  3669 | D:3      | Noticed a water elemental
  3769 | D:3      | Reached skill level 4 in Spellcasting
  4293 | D:3      | Noticed a necrophage
  4300 | D:3      | Killed a necrophage
  4301 | D:3      | Reached skill level 1 in Fighting
  4301 | D:3      | Reached XP level 6. HP: 17/42 MP: 0/0
  4484 | D:3      | Found a large runed translucent door.
  4484 | D:3      | Found a large runed translucent door.
  4489 | D:3      | Noticed BrainTurd's ghost (weakling PaFi)
  5168 | D:4      | Found a transporter.
  5327 | D:4      | Reached skill level 5 in Spellcasting
  5524 | D:4      | Reached XP level 7. HP: 40/48 MP: 0/0
  5524 | D:4      | Learned a level 2 spell: Static Discharge
  5791 | D:5      | Entered Level 5 of the Dungeon
  5829 | D:5      | Noticed a water moccasin
  5837 | D:5      | Killed a water moccasin
  6221 | D:5      | Reached skill level 6 in Spellcasting
  6221 | D:5      | Reached XP level 8. HP: 50/55 MP: 0/0
  6548 | D:5      | Noticed Pikel
  6557 | D:5      | Killed Pikel
  6730 | D:5      | Reached skill level 7 in Spellcasting
  7307 | D:6      | Noticed Grinder
  7317 | D:6      | Killed Grinder
  7318 | D:6      | Reached XP level 9. HP: 53/61 MP: 0/0
  7318 | D:6      | Learned a level 3 spell: Ozocubu's Armour
  7629 | D:6      | Found an opulent altar of Gozag.
  7642 | D:6      | Reached skill level 8 in Spellcasting
  7646 | D:6      | Became a worshipper of Gozag Ym Sagoz the Greedy
  8328 | D:6      | Found a runed translucent door.
  8329 | D:6      | Noticed Crazy Yiuf
  8336 | D:6      | Killed Crazy Yiuf
  8882 | D:5      | Found a hide-covered altar of Uskayaw.
  9380 | D:7      | Found a broken altar of Ashenzari.
  9392 | D:7      | Reached skill level 1 in Short Blades
  9714 | D:7      | Found a staircase to the Ecumenical Temple.
  9753 | D:7      | Reached skill level 9 in Spellcasting
  9993 | D:7      | Noticed Harold
  9999 | D:7      | HP: 2/63 [Harold (21)]
 10000 | D:7      | Annihilated by Harold

Illustrated notes

Levels and vault maps discovered:
D:1:      dpeg_arrival_round_b, layout_loops_corners
D:2:      layout_basic, hellmonk_ecumenical_altar_slurped_away
D:3:      layout_basic, nicolae_qazlal_style_of_elements,
          ebering_ghost_disaster_area, kennysheep_generic_room_9
D:4:      gammafunk_steamed_eel, layout_cave_pools
D:5:      layout_basic, kennysheep_mini, uniq_pikel
D:6:      layout_loops_ring, mainiacjoe_overflow_paths, corexii_hall_statues_s,
          uniq_crazy_yiuf_cottage, uniq_grinder
D:7:      layout_basic, evilmike_ruin_ashenzari, minmay_temple_entry_ruins,
          lemuel_flamethrower_1, uniq_harold

Skill      XL: |  1  2  3  4  5  6  7  8  9 |
---------------+----------------------------+-----
Spellcasting   | 3 4 5 6 7 9 |  9.0
Stealth        | 2 3 |  3.1
Fighting       | 1 2 3 4 |  4.4
Dodging        | 3 |  3.5
Short Blades   | 1 |  1.0
Shields        | |  0.6

Action                   |  1- 3 |  4- 6 |  7- 9 || total
-------------------------+-------+-------+-------++-------
Melee: Short sword       |     2 |     4 |    10 ||    16
 Cast: Foxfire           |   108 |   133 |   214 ||   455
       Sticky Flame      |       |     1 |    20 ||    21
       Fireball          |       |       |     8 ||     8
  Use: Scroll            |       |     5 |     4 ||     9
Armor: Robe              |     5 |     3 |     7 ||    15
Dodge: Dodged            |     9 |    33 |    36 ||    78
Block: Buckler           |       |       |    11 ||    11

Table legend: (Time is in decaauts)
 A = Elapsed time spent in this place.
 B = Non-inter-level travel time spent in this place.
 C = Inter-level travel time spent in this place.
 D = Time resting spent in this place.
 E = Time spent auto-exploring this place.
 F = Levels seen in this place.
 G = Mean time per level.
                   A        B        C        D        E       F      G
               +--------+--------+--------+--------+--------+-----+--------+
         Total |  10002 |   9736 |    266 |    613 |   8121 |   7 | 1428.9 |
       Dungeon |  10002 |   9736 |    266 |    613 |   8121 |   7 | 1428.9 |
               +--------+--------+--------+--------+--------+-----+--------+

Top non-repeatable levels by time:
     D:1: 2005 daAuts
     D:3: 1726 daAuts
     D:5: 1707 daAuts
     D:6: 1699 daAuts
     D:2: 1278 daAuts
     D:7: 802 daAuts
     D:4: 782 daAuts
